 Dungeon Crawl Stone Soup version 0.23.0-28-g6fe0f4dc8b (webtiles) character file.

Game seed: 0

803 1994 the Magician (level 7, -8/46 HPs)
             Began as a Mummy Wizard on Feb 26, 2019.
             Was a Follower of Kikubaaqudgha.
             Mangled by an ogre
             ... wielding a +0 giant club
              (26 damage)
             ... on level 6 of the Dungeon.
             The game lasted 00:33:12 (6512 turns).

1994 the Magician (Mummy Wizard)                    Turns: 6512, Time: 00:33:12

Health: -8/46      AC:  7    Str: 11    XL:     7   Next: 59%
Magic:  17/17      EV: 13    Int: 19    God:    Kikubaaqudgha [*.....]
Gold:   305        SH:  0    Dex: 10    Spells: 7/20 levels left

rFire    + . .     SeeInvis +   w - +2 quarterstaff (protect)
rCold    + . .     Gourm    .   (shield currently unavailable)
rNeg     + + +     Faith    .   a - +2 robe {rF+}
rPois    ∞         Spirit   .   b - +0 hat
rElec    .         Reflect  .   (no cloak)
rCorr    .         Harm     .   e - +0 pair of gloves
MR       .....                  f - +1 pair of boots
Stlth    ++........             i - amulet of magic regeneration
HPRegen  0.15/turn              o - ring of protection from fire
MPRegen  0.40/turn              y - ring of see invisible

@: no status effects
A: no food or potions, fire vulnerability, cold resistance 1, negative energy
resistance 3, torment resistance, unbreathing
a: Receive Corpses, Renounce Religion


You were on level 6 of the Dungeon.
You worshipped Kikubaaqudgha.
Kikubaaqudgha was aware of your devotion.
You were not hungry.

You visited 2 branches of the dungeon, and saw 7 of its levels.

You collected 305 gold pieces.

Inventory:

Hand Weapons
 u - a cursed +0 long sword
 w - a +2 quarterstaff of protection (weapon)
 x - a +1 dagger of venom
Missiles
 s - 13 javelins (quivered)
Armour
 a - a +2 robe of fire resistance (worn)
 b - a +0 hat (worn)
 e - a +0 pair of gloves (worn)
 f - a +1 pair of boots (worn)
 j - a +0 leather armour
Jewellery
 d - an uncursed ring of wizardry
 i - an amulet of magic regeneration (around neck)
 k - an uncursed ring of fire
 n - an uncursed ring of resist corrosion
 o - a ring of protection from fire (left hand)
 p - an uncursed amulet of the acrobat
 y - a ring of see invisible (right hand)
Wands
 t - a wand of random effects (23)
Scrolls
 c - 3 scrolls of teleportation
 h - 4 scrolls of identify
 l - 5 scrolls of remove curse
 m - 3 scrolls of enchant weapon
 q - a scroll of noise
 r - a scroll of blinking


   Skills:
 + Level 4.2 Dodging
 - Level 2.0 Stealth
 + Level 7.0 Spellcasting
 + Level 3.9 Conjurations
   Level 0.7 Summonings
 * Level 1.1 Necromancy
 - Level 0.7 Translocations


You had 7 spell levels left.
You knew the following spells:

 Your Spells              Type           Power        Failure   Level  Hunger
a - Magic Dart            Conj           ###.         1%          1    N/A
b - Blink                 Tloc           N/A          12%         2    N/A
c - Conjure Flame         Conj/Fire      ##......     14%         3    N/A
d - Animate Skeleton      Necr           N/A          6%          1    N/A
e - Pain                  Necr           ##..         6%          1    N/A
f - Vampiric Draining     Necr           ##........   19%         3    N/A
g - Corpse Rot            Necr           N/A          10%         2    N/A

Your spell library contained the following spells:

 Spells                   Type           Power        Failure   Level  Hunger
 Searing Ray              Conj           ###...       3%          2    N/A
 Call Imp                 Summ           #.......     12%         2    N/A
 Dazzling Spray           Conj/Hex       ##....       14%         3    N/A
 Slow                     Hex            #.......     16%         2    N/A
 Sticks to Snakes         Tmut           #.......     16%         2    N/A
 Mephitic Cloud           Conj/Pois/Air  ##......     19%         3    N/A
 Iskenderun's Mystic Bla  Conj           ###.....     21%         4    N/A
 Force Lance              Conj/Tloc      ###.....     36%         4    N/A
 Fulminant Prism          Conj/Hex       ##........   41%         4    N/A
 Beastly Appendage        Tmut           Unusable     N/A         1    N/A
 Spider Form              Tmut/Pois      Unusable     N/A         3    N/A
 Ice Form                 Ice/Tmut       Unusable     N/A         4    N/A
 Blade Hands              Tmut           Unusable     N/A         5    N/A

Dungeon Overview and Level Annotations

Branches:
Dungeon (6/15)             Temple (1/1) D:4

Altars:
Cheibriados
Dithmenos
Elyvilon
Fedhas
Gozag
Hepliaklqana
Kikubaaqudgha
Nemelex Xobeh
Okawaru
Qazlal
Ru
Sif Muna
Trog
Uskayaw
Vehumet
Wu Jian
Yredelemnul
Zin
The Shining One

Shops:
D:4 =*%[

Annotations:
D:2 Terence
D:6 1 transporter


Innate Abilities, Weirdness & Mutations

You do not eat or drink.
Your flesh is vulnerable to fire.
You are immune to poison.
Your flesh is cold resistant. (rC+)
You are immune to negative energy. (rN+++)
You are immune to unholy pain and torment.
You can survive without breathing.


Message History

An ice beast comes into view.
The shadow imp grins evilly.
Your magical contamination has completely faded away.
A giant cockroach comes into view.
The giant cockroach moves out of view.
The orc priest begins to cast a cantrip, but forgets the words!
Found 23 stones.
The giant cockroach bites you. The shadow imp closely misses you.
The giant cockroach bites you but does no damage.
The giant cockroach barely misses you.
The orc wizard gestures wildly while chanting.
The orc wizard seems to speed up.
The giant cockroach barely misses you.
The shadow imp shouts, "Begone, thou errant grave-robbed simpleton!"
An ogre comes into view. It is wielding a +0 giant club.
The ogre moves out of view.
Found a purple potion.
The ogre hits you with a +0 giant club!!
Ouch! That really hurt!
You die...
Kikubaaqudgha rasps: "You have failed me!
Welcome... oblivion!"

###. ...#'#....
.... ........## .#
#........ .#
#.!.....# ## ..
#.......##
...#........#
........O...#
.......@.#(#
........s..##
..........5.######
......#.##..#....##
......####o.......#
...... ##.o.#..##
....... #..### # ..
....... ##.o.# ..
.....###..###


You could see an ogre, an orc wizard, a shadow imp, an orc and a giant
cockroach.

Vanquished Creatures
  An ogre (D:4)
  A centaur (D:5)
  A bullfrog (D:6)
  3 scorpions
  A howler monkey (D:4)
  2 orc wizards
  Jessica (D:3)
  An iguana (D:5)
  A worker ant (D:5)
  A hound zombie (D:6)
  A hound skeleton (D:5)
  3 gnolls (D:5)
  9 adders
  An ooze (D:5)
  2 adder skeletons
  A dart slug (D:1)
  3 leopard geckos
  12 orcs
  9 giant cockroaches
  7 goblins
  9 hobgoblins
  18 jackals
  3 quokkas
  A ball python (D:2)
  9 bats
  3 frilled lizards
  6 kobolds
  9 rats
119 creatures vanquished.

Notes
Turn   | Place    | Note
-------+----------+-------------------------------------------
     0 | D:1      | 1994 the Mummy Wizard began the quest for the Orb.
     0 | D:1      | Reached XP level 1. HP: 13/13 MP: 5/5
   197 | D:1      | Reached skill level 1 in Conjurations
   230 | D:1      | Reached XP level 2. HP: 17/19 MP: 0/7
  1092 | D:1      | Learned a level 2 spell: Blink
  1258 | D:1      | Reached XP level 3. HP: 16/24 MP: 4/8
  1724 | D:2      | Found a faded altar of an unknown god.
  1964 | D:2      | Noticed Terence
  2403 | D:2      | Learned a level 3 spell: Conjure Flame
  2818 | D:3      | Reached XP level 4. HP: 30/30 MP: 4/10
  3177 | D:3      | Reached skill level 5 in Spellcasting
  3547 | D:3      | Reached XP level 5. HP: 35/35 MP: 7/12
  3895 | D:3      | Found a shadowy altar of Dithmenos.
  4051 | D:3      | Noticed Jessica
  4067 | D:3      | Killed Jessica
  4349 | D:4      | Noticed an ogre
  4364 | D:4      | Killed an ogre
  4364 | D:4      | Reached XP level 6. HP: 41/41 MP: 4/14
  4426 | D:4      | Reached skill level 6 in Spellcasting
  4463 | D:4      | Found Ehuwas's Food Emporium.
  4706 | D:4      | Found Ufialuet's Jewellery Boutique.
  4777 | D:4      | Found Qonazaiw's Assorted Antiques.
  4795 | D:4      | Found Poekh's Antique Armour Shop.
  4921 | D:4      | Found a staircase to the Ecumenical Temple.
  4926 | Temple   | Entered the Ecumenical Temple
  5124 | Temple   | Became a worshipper of Kikubaaqudgha
  5190 | D:5      | Entered Level 5 of the Dungeon
  5412 | D:5      | Reached XP level 7. HP: 40/46 MP: 4/16
  6008 | D:5      | Found an iron altar of Okawaru.
  6008 | D:5      | Found a hazy altar of Hepliaklqana.
  6008 | D:5      | Found an opulent altar of Gozag.
  6009 | D:5      | Found a deep blue altar of Sif Muna.
  6013 | D:5      | Found a stormy altar of Qazlal.
  6302 | D:6      | Reached * piety under Kikubaaqudgha
  6302 | D:6      | Identified Kikubaaqudgha's Grimoire of Stolen Souls
                  | (Kikubaaqudgha gifted it to you on level 6 of the Dungeon)
  6302 | D:6      | Received a gift from Kikubaaqudgha
  6306 | D:6      | Learned a level 1 spell: Animate Skeleton
  6308 | D:6      | Learned a level 1 spell: Pain
  6312 | D:6      | Learned a level 3 spell: Vampiric Draining
  6315 | D:6      | Learned a level 2 spell: Corpse Rot
  6323 | D:6      | Reached skill level 7 in Spellcasting
  6326 | D:6      | Reached skill level 1 in Necromancy
  6460 | D:6      | Found a transporter.
  6512 | D:6      | Mangled by an ogre

Skill      XL: |  1  2  3  4  5  6  7 |
---------------+----------------------+-----
Conjurations   | 1 2 3 |  3.9
Stealth        | 2 |  2.0
Dodging        | 2 3 4 |  4.2
Spellcasting   | 5 6 7 |  7.0
Necromancy     | 1 |  1.1
Summonings     | |  0.7
Translocations | |  0.7

Action                   |  1- 3 |  4- 6 |  7- 9 || total
-------------------------+-------+-------+-------++-------
Melee: Whip              |    61 |    24 |       ||    85
       Quarterstaff      |       |    15 |    45 ||    60
 Cast: Magic Dart        |   128 |   188 |    42 ||   358
       Conjure Flame     |     1 |     4 |     2 ||     7
       Blink             |       |     3 |     1 ||     4
  Use: Scroll            |     2 |       |     7 ||     9
 Stab: Sleeping          |     1 |     2 |       ||     3
Armor: Robe              |     6 |    14 |    18 ||    38
       Leather armour    |    34 |    12 |    19 ||    65
Dodge: Dodged            |    73 |    56 |    66 ||   195
